 Dungeon Crawl Stone Soup version 0.31-a0-188-g5e087ee2ca (webtiles) character file.

Game seed: 5523086749144551902

2053 qw the Skirmisher (level 9, -1/50 HPs)
             Began as a Deep Elf Hunter on June 23, 2023.
             Succumbed to a killer bee's poison
             ... on level 7 of the Dungeon.
             The game lasted 00:02:17 (5539 turns).

qw the Skirmisher (Deep Elf Hunter)                 Turns: 5539, Time: 00:02:18

Health: -1/50      AC: 11    Str: 16    XL:     9   Next: 4%
Magic:  11/11      EV: 14    Int: 15    God:
Gold:   368        SH:  0    Dex: 20    Spells: 8/8 levels left

rFire   . . .        b - +0 orcbow
rCold   . . .        (shield currently unavailable)
rNeg    . . .        j - +2 ring mail
rPois   .            (no helmet)
rElec   .            (no cloak)
rCorr   .            (no gloves)
SInv    .            (no boots)
Will    .....        (no amulet)
Stlth   +            f - +4 ring of protection
HPRegen 0.28/turn    h - +6 ring of strength
MPRegen 0.12/turn

%: no passive effects
@: lethally poisoned (-1 -> -17)
A: no striking features
a: no special abilities


You were on level 7 of the Dungeon.
You visited 1 branch of the dungeon, and saw 7 of its levels.
You also visited: Sewer.

You collected 368 gold pieces.


   Skills:
 - Level 3.1 Fighting
 + Level 14.2 Ranged Weapons
 - Level 1.4 Armour
 - Level 5.5 Dodging
 - Level 1.2 Stealth


You had 8 spell levels left.
You didn't know any spells.
Your spell library was empty.

Inventory:

Hand Weapons
 b - a +0 orcbow (weapon)
Armour
 j - a +2 ring mail (worn)
Jewellery
 f - a +4 ring of protection (left hand)
 h - a +6 ring of strength (right hand)
Scrolls
 a - a scroll of teleportation
 g - a scroll of identify
Potions
 c - 2 potions of curing
 e - a potion of degeneration {unknown}
 i - 5 potions of enlightenment
 l - a potion of might
 m - a potion of cancellation {unknown}

Dungeon Overview and Level Annotations

Branches:
Dungeon (7/15)              Sewer (visited)
 Temple: D:4-7

Altars:
Ashenzari
Cheibriados
Elyvilon
Gozag
Ru
Sif Muna
Uskayaw
Vehumet
Zin
The Shining One

Annotations:
D:4 1 runed translucent door, qw's ghost, amateur GrFi
D:6 1 transporter, qw's ghost, novice GrFi


Message History

The killer bee closely misses you.
The killer bee stings something.
You shoot an arrow. The arrow misses the killer bee.
You feel sick. The killer bee barely misses you.
The killer bee stings something but does no damage.
You shoot an arrow. The arrow hits the killer bee!
You kill the killer bee!
You feel sick.
The killer bee stings you but does no damage.
You shoot an arrow. The arrow barely misses the killer bee.
You feel sick. The killer bee closely misses you.
The killer bee stings you but does no damage.
You shoot an arrow. The arrow barely misses the killer bee.
You feel sick. The killer bee barely misses you. The killer bee stings you.
You shoot an arrow. The arrow hits the killer bee!
The killer bee is heavily wounded.
You feel sick.
The killer bee stings you but does no damage. x2
5535 ||| READING 2 scrolls of teleportation.
As you read the scroll of teleportation, it crumbles to dust.
You feel strangely unstable.
You feel sick. The killer bee misses you. x2
You shoot an arrow. The arrow misses the killer bee.
You feel sick.
The killer bee stings you but does no damage.
You shoot an arrow.
The arrow closely misses the killer bee.
You feel sick.
The killer bee stings you but does no damage.
The killer bee stings you.
You are lethally poisoned!
The killer bee poisons you!
You shoot an arrow.
The arrow closely misses the killer bee.
You feel sick. The killer bee stings you.
You are more poisoned.
The killer bee poisons you! The killer bee misses you.
You shoot an arrow.
The arrow closely misses the killer bee.
Your surroundings suddenly seem different.
You die...

#....# +..<.# #.#
#....####.# +....'..#.#
#....##.#.# #....##.#.#
....##....#.# ###.
#.#..#.# ##.# #.
#.#..#@# ..>. ....#....#
....# ...##...#######
....#####............#
.........###..).#####.#
P.~~........#......#
.P~~..........##.#.#
7PP....##.##.....#.####
77.P....#.#...##.#....##


There were no monsters in sight!

Vanquished Creatures
  A gargoyle (D:7)
  Grinder (D:3)
  A wraith (D:7)
  Menkaure (D:6)
  A centaur (D:5)
  An ogre (D:5)
  2 phantoms
  A gnoll sergeant (D:6)
  A scorpion (D:5)
  2 killer bees (D:7)
  A howler monkey (D:5)
  4 hounds
  A gnoll bouda (D:6)
  2 sleepcaps (D:4)
  5 iguanas
  2 orc wizards
  3 river rats (Sewer)
  14 adders
  6 gnolls (D:6)
  A shadow imp (D:5)
  A white imp (D:5)
  An ufetubus (D:6)
  6 worms
  A dart slug (D:2)
  4 orcs
  11 ball pythons
  3 endoplasms
  17 giant cockroaches
  6 goblins
  8 hobgoblins
  6 jackals
  9 kobolds
  7 quokkas (Sewer)
  10 bats
  4 frilled lizards
  3 rats
148 creatures vanquished.

Notes
Turn   | Place    | Note
-------+----------+-------------------------------------------
     0 | D:1      | qw the Deep Elf Hunter began the quest for the Orb.
     0 | D:1      | Reached XP level 1. HP: 12/12 MP: 3/3
     0 | D:1      | 0 ||| qw: Version: 0.3-a-9-g12657ce
     0 | D:1      | 0 ||| qw: Game counter: 3427
     0 | D:1      | 0 ||| qw: Always use a shield: true
     0 | D:1      | 0 ||| qw: God list: Okawaru
     0 | D:1      | 0 ||| qw: Allow faded altars: false
     0 | D:1      | 0 ||| qw: Do Orc after D:15 true
     0 | D:1      | 0 ||| qw: Do second Lair branch before Depths: true
     0 | D:1      | 0 ||| qw: Lair rune preference: random
     0 | D:1      | 0 ||| qw: Plans: Normal
     0 | D:1      | 0 ||| PLANNING D:1-11
   207 | D:1      | Reached XP level 2. HP: 16/16 MP: 4/4
   215 | D:1      | Reached skill level 6 in Ranged Weapons
   489 | D:1      | 489 ||| UPGRADING to +0 ring mail.
   499 | D:1      | 499 ||| DROPPING +0 leather armour.
   500 | D:1      | 500 ||| UPGRADING to +4 ring of protection.
   501 | D:1      | 501 ||| READING 3 scrolls labelled REVAGUESTAUWK.
   504 | D:1      | 504 ||| READING scroll labelled WEOFIX FIAT.
   505 | D:1      | 505 ||| READING scroll labelled PIEPUI QINEQA.
   506 | D:1      | 506 ||| READING scroll labelled ISCHOV BIAGUHA.
   507 | D:1      | 507 ||| DRINKING 2 black potions.
   508 | D:1      | 508 ||| DROPPING scroll of butterflies.
   588 | D:2      | Found a faded altar of an unknown god.
   650 | D:2      | You fall into a shaft and drop 2 floors!
   676 | D:4      | Reached XP level 3. HP: 12/20 MP: 5/5
   722 | D:4      | 722 ||| READING scroll labelled TIPEFY HOVUEGH.
   728 | D:3      | 728 ||| PLANNING SEWER
   770 | D:3      | Noticed Grinder
   774 | D:3      | Paralysed by Grinder for 5 turns
   778 | D:3      | HP: 3/20 [Grinder (4)]
   779 | D:3      | 779 ||| READING 2 scrolls of teleportation.
   780 | D:3      | 780 ||| DRINKING potion of heal wounds.
   839 | D:3      | Killed Grinder
   840 | D:3      | Reached skill level 9 in Ranged Weapons
   840 | D:3      | Reached XP level 4. HP: 12/25 MP: 6/6
   840 | D:3      | Reached XP level 5. HP: 14/29 MP: 7/7
   916 | D:3      | Found an opulent altar of Gozag.
   919 | D:3      | Found a glowing silver altar of Zin.
   920 | D:3      | Found a radiant altar of Vehumet.
  1154 | D:3      | Found a glowing drain.
  1155 | D:3      | 1155 ||| READING scroll labelled ANIBBU GOEREASS.
  1156 | D:3      | 1156 ||| DRINKING 2 murky grey potions.
  1165 | Sewer    | Entered a sewer
  1191 | Sewer    | 1191 ||| Stepping ~*~*~tactically~*~*~ (water).
  1213 | Sewer    | Reached XP level 6. HP: 35/35 MP: 8/8
  1224 | Sewer    | 1224 ||| READING scroll of enchant weapon.
  1224 | Sewer    | 1224 ||| ENCHANTING +1 heavy shortbow.
  1254 | Sewer    | 1254 ||| Stepping ~*~*~tactically~*~*~ (water).
  1268 | Sewer    | 1268 ||| Stepping ~*~*~tactically~*~*~ (water).
  1282 | Sewer    | 1282 ||| Stepping ~*~*~tactically~*~*~ (water).
  1284 | Sewer    | 1284 ||| Stepping ~*~*~tactically~*~*~ (water).
  1300 | Sewer    | 1300 ||| Stepping ~*~*~tactically~*~*~ (water).
  1321 | Sewer    | 1321 ||| Stepping ~*~*~tactically~*~*~ (water).
  1462 | Sewer    | 1462 ||| Stepping ~*~*~tactically~*~*~ (water).
  1484 | Sewer    | 1484 ||| Stepping ~*~*~tactically~*~*~ (water).
  1495 | Sewer    | 1495 ||| Stepping ~*~*~tactically~*~*~ (water).
  1545 | Sewer    | Reached skill level 10 in Ranged Weapons
  1727 | Sewer    | 1727 ||| READING scroll labelled DAB PAELEACHY.
  1728 | Sewer    | 1728 ||| READING scroll labelled UPTUW GYED NIRAVIT.
  1751 | D:3      | 1751 ||| PLANNING D:1-11
  1771 | D:2      | Found a shimmering blue altar of Sif Muna.
  1954 | D:2      | Reached skill level 3 in Dodging
  1962 | D:2      | 1962 ||| READING scroll of enchant armour.
  1962 | D:2      | 1962 ||| ENCHANTING +0 ring mail.
  2155 | D:2      | 2155 ||| READING scroll labelled KOFIBA WANLUL.
  2156 | D:2      | 2156 ||| DRINKING 2 metallic white potions.
  2498 | D:4      | Reached XP level 7. HP: 37/40 MP: 9/9
  2616 | D:4      | Found a runed translucent door.
  2620 | D:4      | Noticed qw's ghost (amateur GrFi)
  2655 | D:4      | Reached skill level 11 in Ranged Weapons
  3186 | D:4      | 3186 ||| READING scroll of enchant armour.
  3186 | D:4      | 3186 ||| ENCHANTING +1 ring mail.
  3429 | D:4      | 3429 ||| UPGRADING to +6 ring of strength.
  3430 | D:4      | 3430 ||| READING scroll labelled OCODAL XATECS.
  3431 | D:4      | 3431 ||| READING 2 scrolls of identify.
  3431 | D:4      | 3431 ||| IDENTIFYING smoky inky potion
  3432 | D:4      | 3432 ||| DROPPING potion of lignification.
  3480 | D:5      | Entered Level 5 of the Dungeon
  3492 | D:5      | 3492 ||| FLEEEEING.
  3496 | D:5      | 3496 ||| STAIRDANCE
  3588 | D:5      | 3588 ||| STAIRDANCE
  3614 | D:5      | 3614 ||| STAIRDANCE
  3673 | D:5      | 3673 ||| SWAPPING to +0 orcbow.
  3674 | D:5      | 3674 ||| DROPPING +2 heavy shortbow.
  3715 | D:5      | Reached skill level 12 in Ranged Weapons
  3767 | D:5      | Found a glowing golden altar of the Shining One.
  3802 | D:5      | Reached skill level 1 in Armour
  3802 | D:5      | Reached XP level 8. HP: 42/44 MP: 10/10
  3883 | D:5      | Found a broken altar of Ashenzari.
  4013 | D:5      | Reached skill level 3 in Fighting
  4414 | D:6      | 4414 ||| Stepping ~*~*~tactically~*~*~ (outnumbered).
  4427 | D:6      | HP: 10/46 [gnoll sergeant/+0 spear (7)]
  4428 | D:6      | 4428 ||| READING 3 scrolls of teleportation.
  4428 | D:6      | HP: 3/46 [gnoll sergeant/+0 spear (7)]
  4429 | D:6      | 4429 ||| DRINKING 2 potions of heal wounds.
  4575 | D:6      | Found a hide-covered altar of Uskayaw.
  4617 | D:6      | Found a transporter.
  4618 | D:6      | Noticed qw's ghost (novice GrFi)
  4623 | D:6      | Found a sacrificial altar of Ru.
  4677 | D:6      | Noticed a two-headed ogre
  4702 | D:6      | 4702 ||| FLEEEEING.
  5069 | D:6      | Noticed Menkaure
  5078 | D:6      | HP: 11/46 [Menkaure (3)]
  5079 | D:6      | 5079 ||| READING 3 scrolls of teleportation.
  5080 | D:6      | 5080 ||| DRINKING potion of heal wounds.
  5232 | D:6      | Killed Menkaure
  5233 | D:6      | Reached skill level 13 in Ranged Weapons
  5318 | D:6      | 5318 ||| DRINKING 3 orange potions.
  5319 | D:6      | 5319 ||| DROPPING 2 potions of attraction.
  5406 | D:7      | Found a snail-covered altar of Cheibriados.
  5406 | D:7      | Noticed a gargoyle
  5421 | D:7      | Killed a gargoyle
  5422 | D:7      | Reached skill level 14 in Ranged Weapons
  5422 | D:7      | Reached XP level 9. HP: 35/50 MP: 11/11
  5498 | D:7      | Found a white marble altar of Elyvilon.
  5534 | D:7      | HP: 12/50 [poisoned by a killer bee]
  5535 | D:7      | 5535 ||| READING 2 scrolls of teleportation.
  5538 | D:7      | HP: 5/50 [poisoned by a killer bee]
  5538 | D:7      | HP: 2/50 [killer bee (3)]
  5539 | D:7      | Succumbed to a killer bee's poison

Levels and vault maps discovered:
D:1:      dpeg_arrival_round_b, layout_rooms
D:2:      minmay_roachtagon, layout_basic, basic_ecumenical_altar, basic_altar,
          chequers_serial_rivers_marsh
D:3:      layout_basic, chequers_temple_overflow_statue_of_worship,
          portal_sewer_entry_d, nicolae_titane, uniq_grinder
D:4:      layout_layer_cave, ebering_ghost_reflecting_pool,
          kennysheep_generic_room_5
D:5:      layout_loops_ring, nicolae_ashenzari_panopticon,
          overflow_temple_1_default
D:6:      layout_cave_pods, mainiacjoe_overflow_cross_hatched,
          nicolae_ru_great_annihilating_truth, gammafunk_ghost_smash,
          patterned_corridor, uniq_menkaure
D:7:      minmay_klotski, layout_basic, trog_book,
          nicolae_elyvilon_peaceful_grove, mainiacjoe_overflow_boulevard,
          mainiacjoe_overflow_small_starburst, minmay_between

Skill      XL: |  1  2  3  4  5  6  7  8 |
---------------+-------------------------+-----
Ranged Weapons | 6 9 10 12 14 | 14.2
Fighting       | 2 3 |  3.1
Dodging        | 3 4 5 |  5.5
Armour         | 1 |  1.4
Stealth        | |  1.2

Action                     |  1- 3 |  4- 6 |  7- 9 || total
---------------------------+-------+-------+-------++-------
   Fire: Shortbow          |    96 |   161 |    48 ||   305
         Orcbow            |       |       |   225 ||   225
    Use: Scroll            |     6 |     6 |     6 ||    18
         Potion            |     2 |     2 |     3 ||     7
 Armour: Leather armour    |     4 |       |       ||     4
         Ring mail         |    21 |    41 |    59 ||   121
  Dodge: Dodged            |    40 |    75 |   104 ||   219

Table legend:
 A = Non-vault XP
 B = Vault XP
 C = Vault XP percentage of total XP
 D = Non-vault monster count
 E = Vault monster count
 F = Vault count percentage of total count
                 A         B        C        D         E       F
            +---------+---------+-------+---------+---------+-------
      Total |    2236 |     698 |  23.8 |      87 |      61 |  41.2
            +---------+---------+-------+---------+---------+-------
        D:1 |      21 |       0 |   0.0 |      13 |       0 |   0.0
        D:2 |      48 |      22 |  31.4 |      17 |      11 |  39.3
        D:3 |      19 |     290 |  93.9 |      12 |       2 |  14.3
        D:4 |     351 |       7 |   2.0 |      13 |       3 |  18.8
        D:5 |     750 |       0 |   0.0 |      15 |       0 |   0.0
        D:6 |     304 |     213 |  41.2 |      13 |       5 |  27.8
        D:7 |     743 |       0 |   0.0 |       4 |       0 |   0.0
      Sewer |       0 |     166 | 100.0 |       0 |      40 | 100.0
            +---------+---------+-------+---------+---------+-------
